 Dungeon Crawl Stone Soup version 0.23.2 (webtiles) character file.

Game seed: 10189331088284643379

328 sagitran the Covered (level 6, -1/43 HPs)
             Began as a Human Wanderer on Mar 31, 2019.
             Slain by a phantom (7 damage)
             ... on level 4 of the Dungeon.
             The game lasted 00:14:12 (4095 turns).

sagitran the Covered (Human Wanderer)               Turns: 4095, Time: 00:14:12

Health: -1/43      AC:  7    Str: 13    XL:     6   Next: 80%
Magic:  3/9        EV: 11    Int: 13    God:
Gold:   151        SH:  0    Dex: 13    Spells: 4/9 levels left

rFire    . . .     SeeInvis .     - Unarmed
rCold    . . .     Gourm    .   (no shield)
rNeg     . . .     Faith    .   b - +0 ring mail
rPois    .         Spirit   .   k - +0 helmet
rElec    .         Reflect  .   v - scarf {cloud immunity}
rCorr    .         Harm     .   (no gloves)
MR       .....                  (no boots)
Stlth    +.........             (no amulet)
HPRegen  0.14/turn              (no ring)
MPRegen  0.11/turn              (no ring)

@: singing
A: no striking features
a: no special abilities


You were on level 4 of the Dungeon.
You were not hungry.

You visited 1 branch of the dungeon, and saw 4 of its levels.

You collected 151 gold pieces.

Inventory:

Hand Weapons
 a - a +0 blowgun
Missiles
 c - 44 poisoned needles
 q - 4 tomahawks (quivered)
Armour
 b - a +0 ring mail (worn)
 j - a +1 cloak of poison resistance
 k - a +0 helmet (worn)
 v - a scarf of cloud immunity (worn)
Jewellery
 l - an uncursed ring of positive energy {unknown}
 y - a cursed ring of attention {unknown}
Wands
 u - a wand of acid (12)
Scrolls
 e - a scroll of magic mapping {unknown}
 g - a scroll of teleportation {unknown}
 h - 6 scrolls of remove curse {unknown}
 m - 8 scrolls of identify {unknown}
 t - a scroll of enchant weapon {unknown}
 w - a scroll of enchant armour {unknown}
 x - a scroll of random uselessness {unknown}
Potions
 d - 6 potions of curing
 i - 2 potions of might {unknown}
 n - a potion of heal wounds {unknown}
 o - a potion of ambrosia {unknown}
 p - a potion of magic {unknown}
 r - a potion of cancellation {unknown}
 s - a potion of lignification {unknown}
Comestibles
 f - 7 rations


   Skills:
 + Level 1.6 Fighting
   Level 0.2 Short Blades
   Level 1.0 Bows
 + Level 2.8 Throwing
 + Level 3.9 Armour
 + Level 2.1 Dodging
 + Level 0.2 Stealth
 + Level 3.7 Unarmed Combat
 + Level 2.4 Spellcasting
 + Level 1.4 Charms


You had 4 spell levels left.
You knew the following spells:

 Your Spells              Type           Power        Failure   Level  Hunger
a - Infusion              Chrm           #...         28%         1    #......
b - Song of Slaying       Chrm           #.......     38%         2    ###....
c - Shroud of Golubria    Chrm/Tloc      #.........   50%         2    ###....

Your spell library contained the following spells:

 Spells                   Type           Power        Failure   Level  Hunger
 Regeneration             Chrm/Necr      #.........   75%         3    ###....
 Spectral Weapon          Hex/Chrm       #.......     75%         3    ###....


Dungeon Overview and Level Annotations

Branches:
Dungeon (4/15)
 Temple: D:4-7

Altars:


Message History

The phantom is almost destroyed.
The phantom blinks!
The phantom hits you but does no damage.
You hit the phantom but do no damage.
The phantom is almost destroyed.
You are no longer magically infusing your attacks.
The phantom barely misses you.
You barely miss the phantom.
The phantom is almost destroyed.
The phantom hits you!
* * * LOW HITPOINT WARNING * * *
The phantom blinks!
You barely miss the phantom.
The phantom is almost destroyed.
The phantom hits you.
* * * LOW HITPOINT WARNING * * *
You barely miss the phantom.
The phantom is almost destroyed.
The phantom hits you!
You die...

#....##.#.#.#####
#....##.#........
#....##.#(.######
#######.#.......#
#.#.#####.#
########.#.##..#.#
#......#.#...†....
#W####.#.#######.#
#@##.............#
#....#.#.#########
######.#.# ..#.#
##.#.# ###.# ..#
###


You could see a phantom.

Vanquished Creatures
  A phantom (D:4)
  An iguana (D:4)
  A worker ant (D:2)
  8 adders
  2 oozes
  An adder skeleton (D:4)
  3 worms
  A dart slug (D:3)
  2 leopard geckos
  2 orcs (D:3)
  A ball python (D:1)
  7 bats
  7 giant cockroaches
  5 goblins
  10 hobgoblins
  5 jackals (D:1)
  11 kobolds
  7 quokkas
  3 frilled lizards (D:2)
  A jackal skeleton (D:4)
  2 leopard gecko skeletons (D:4)
  6 rats
87 creatures vanquished.

Notes
Turn   | Place    | Note
-------+----------+-------------------------------------------
     0 | D:1      | sagitran the Human Wanderer began the quest for the Orb.
     0 | D:1      | sagitran set off with the following items: a +0 blowgun, a
                  | +0 ring mail, 13 poisoned needles, a ration; and the
                  | following spell memorised: Infusion; and the following
                  | spells available to memorise: Song of Slaying, Shroud of
                  | Golubria, Regeneration, Spectral Weapon
     0 | D:1      | Reached XP level 1. HP: 15/15 MP: 3/3
   395 | D:1      | Reached skill level 1 in Unarmed Combat
   395 | D:1      | Reached XP level 2. HP: 5/21 MP: 0/5
   872 | D:1      | Reached XP level 3. HP: 16/26 MP: 2/6
  1231 | D:1      | Learned a level 2 spell: Song of Slaying
  1234 | D:1      | Learned a level 2 spell: Shroud of Golubria
  1574 | D:2      | Reached XP level 4. HP: 29/32 MP: 3/7
  1689 | D:2      | Reached skill level 1 in Dodging
  1987 | D:2      | Reached XP level 5. HP: 37/37 MP: 8/8
  3162 | D:4      | Noticed a phantom
  3352 | D:4      | Killed a phantom
  3352 | D:4      | Reached XP level 6. HP: 18/43 MP: 1/9
  4041 | D:4      | Noticed a phantom
  4095 | D:4      | Slain by a phantom

Skill      XL: |  1  2  3  4  5 |
---------------+----------------+-----
Unarmed Combat | 1 2 3 |  3.7
Dodging        | 1 2 |  2.1
Fighting       | |  1.6
Short Blades   | |  0.2
Bows           | |  1.0
Throwing       | |  2.8
Armour         | |  3.9
Stealth        | |  0.2
Spellcasting   | |  2.4
Charms         | |  1.4

Action                   |  1- 3 |  4- 6 || total
-------------------------+-------+-------++-------
Melee: Unarmed           |   176 |   360 ||   536
       Dagger            |    21 |       ||    21
       Punch             |     1 |     5 ||     6
 Fire: Blowgun           |    19 |    11 ||    30
Throw: Tomahawk          |       |    17 ||    17
 Cast: Infusion          |     6 |     8 ||    14
       Song of Slaying   |     4 |     3 ||     7
  Use: Potion            |       |     1 ||     1
  Eat: Ration            |     1 |     2 ||     3
       Chunk             |       |     2 ||     2
Armor: Ring mail         |   115 |   149 ||   264
Dodge: Dodged            |   136 |   230 ||   366
